Map: Paisaje nocturno EE

Players

ChikaneXIV

  • Race: Zerg Zerg
  • Spawn Location: 7:00

Vaios

  • Race: Protoss Protoss
  • Spawn Location: 7:00

MrFercho

  • Race: Zerg Zerg
  • Spawn Location: 1:00

tigro

  • Race: Terran Terran
  • League: Bronze
  • Spawn Location: 1:00

VOD

Have the link to the VOD?

Description

Time

  • Played on: June 11, 2020, 10:55 p.m.
  • Length: 22:20
Show
View Real Time Build Order
Export as new Build Order

ChikaneXIV Zerg 

Build Orders: Pool First 

Get SALT Encoding   

  12  0:04  Drone  
  13  0:12  Drone  
  14  0:17  Overlord  
  14  0:25  Overlord  
  14  0:44  Spawning Pool  
  14  0:47  Drone  
  14  0:49  Drone  
  15  0:53  Drone  
  16  1:06  Extractor  
  16  1:07  Drone  
  16  1:22  Drone x2  
  18  1:43  Hatchery  
  17  2:04  Drone x3  
  20  2:11  Queen  
  22  2:18  Roach Warren  
  22  2:22  Evolution Chamber  
  20  2:23  Drone  
  20  2:24  Evolution Chamber  
  20  2:57  Lair  
  20  2:58  Drone x3  
  23  2:59  Drone  
  23  3:02  Hatchery  
  23  3:10  Queen  
  25  3:20  Extractor  
  25  3:25  Metabolic Boost  
  24  3:31  Drone  
  24  3:32  Drone x2  
  27  3:44  Drone  
  28  3:54  Drone  
  30  3:55  Drone x2  
  30  3:56  Drone x3  
  34  4:41  Extractor x2  
  34  4:45  Drone x3, Spore Crawler x2  
  33  4:46  Drone x8, Spore Crawler  
  33  4:48  Spore Crawler  
  33  4:51  Queen  
  41  5:15  Drone  
  41  5:16  Overlord x2  
  41  5:18  Overlord x4  
  42  5:27  Burrow  
  42  5:28  Infestation Pit  
  42  5:33  Hydralisk Den  
  40  5:38  Spire  
  40  5:40  Glial Reconstitution  
  39  5:46  Drone  
  39  5:47  Drone  
  41  5:58  Drone  
  41  5:59  Drone x4  
  46  6:05  Muscular Augments  
  46  6:19  Extractor  
  46  6:21  Extractor  
  44  6:28  Overseer  
  44  6:30  Overseer  
  44  6:38  Zerg Ground Armor Level 1  
  44  6:40  Zerg Missile Weapons Level 1  
  44  6:44  Hive  
  44  6:50  Drone x4  
  44  6:51  Drone x5  
  44  6:53  Drone  
  54  6:58  Tunneling Claws  
  54  7:00  Zerg Flyer Armor Level 1  
  54  7:08  Overlord x2  
  54  7:11  Overlord  
  54  7:15  Drone x2  
  55  7:16  Grooved Spines  
  56  8:05  Overlord x4  
  56  8:14  Hydralisk x2  
  56  8:15  Hydralisk x7  
  56  8:16  Hydralisk x7  
  56  8:18  Roach  
  90  8:38  Overlord x4  
  90  8:39  Overlord x3  
  90  8:49  Zerg Melee Weapons Level 1  
  90  8:50  Zerg Missile Weapons Level 2  
  90  9:04  Ultralisk Cavern  
  89  9:23  Queen  
  89  9:24  Corruptor x2  
  91  9:26  Corruptor  
  97  9:31  Corruptor  
  97  9:32  Hatchery  
  97  9:38  Drone x3  
  101  9:51  Zerg Flyer Weapons Level 1  
  101  9:55  Chitinous Plating  
  101  10:34  Ultralisk  
  101  10:35  Ultralisk  
  113  10:36  Ultralisk  
  119  10:43  Zerg Ground Armor Level 2  
  119  10:54  Drone x6  
  119  10:55  Drone  
  126  10:57  Drone  
  127  11:06  Zerg Melee Weapons Level 2  
  127  11:14  Anabolic Synthesis  
  127  11:15  Drone x3  
  130  11:40  Corruptor x4  
  130  11:41  Corruptor x3  
  130  11:45  Zerg Flyer Armor Level 2  
  144  11:47  Ultralisk  
  126  12:07  Hydralisk x2  
  126  12:08  Hydralisk x5  
  104  12:09  Roach  
  104  12:10  Roach  
  104  12:12  Roach  
  104  12:14  Roach  
  108  12:16  Roach  
  108  12:17  Roach  
  112  12:29  Hydralisk  
  110  12:30  Hydralisk x4  
  117  12:47  Ultralisk  
  123  12:57  Ultralisk  
  129  13:05  Extractor  
  129  13:09  Extractor  
  129  13:10  Queen  
  129  13:17  Ultralisk  
  135  13:21  Ultralisk  
  135  13:22  Zergling x4  
  135  13:23  Zergling x12  
  135  13:24  Zergling x6  
  106  14:08  Ultralisk x3  
  124  14:10  Roach x2  
  124  14:11  Roach  
  124  14:12  Zergling x12  
  124  14:13  Zergling x10  
  124  14:14  Zergling x4  
  138  14:31  Ultralisk  
  126  14:45  Ultralisk  
  128  14:46  Hydralisk x2  
  105  15:29  Pneumatized Carapace  
  105  15:43  Hydralisk x4  
  105  15:44  Hydralisk x6  
  105  15:45  Hydralisk x5  
  135  15:52  Roach x3  
  141  16:14  Ultralisk  
  141  16:16  Roach  
  149  16:29  Extractor  
  149  16:30  Hatchery  
  149  16:31  Extractor  
  146  17:06  Zerg Ground Armor Level 3  
  146  17:08  Zerg Missile Weapons Level 3  
  146  17:14  Roach x5  
  146  17:15  Roach x6  
  168  17:16  Roach x4  
  168  17:20  Overlord  
  122  17:54  Corruptor  
  122  17:55  Corruptor x6  
  100  18:48  Ultralisk x5  
  100  18:50  Roach x2  
  100  18:51  Roach  
  112  19:21  Hydralisk  
  112  19:22  Hydralisk x5  
  112  19:23  Hydralisk x4  
  132  19:48  Ultralisk  
  132  19:49  Ultralisk  
  132  19:50  Roach x2  
  132  19:52  Zergling x2  
  149  19:53  Zergling x2  
  150  20:14  Overseer  
  150  20:16  Ultralisk  
  150  20:18  Roach x5  
  150  20:19  Roach x2  
  168  20:53  Ultralisk x2  
  168  20:55  Roach x2  
Show
View Real Time Build Order
Export as new Build Order

Vaios Protoss 

Build Orders: Carriers 

Get SALT Encoding   

  1  0:00  Probe  
  13  0:17  Probe  
  14  0:29  Probe  
  14  0:34  Pylon  
  15  0:52  Probe  
  15  0:56  Pylon  
  16  1:00  Pylon  
  16  1:04  Probe  
  17  1:10  Pylon  
  17  1:12  Probe  
  18  1:20  Probe  
  19  1:28  Assimilator  
  19  1:38  Forge  
  18  2:05  Probe  
  18  2:08  Nexus  
  19  2:16  Probe  
  19  2:18  Pylon  
  19  2:21  Pylon  
  20  2:24  Probe  
  20  2:29  Assimilator  
  21  2:32  Probe  
  22  2:44  Probe  
  23  2:48  Photon Cannon  
  23  2:51  Photon Cannon  
  23  3:00  Probe  
  24  3:12  Probe  
  25  3:19  Gateway  
  25  3:24  Probe  
  26  3:29  Pylon  
  26  3:32  Probe  
  26  3:34  Pylon  
  26  3:36  Probe  
  26  3:40  Probe  
  28  3:44  Probe  
  28  3:48  Assimilator  
  30  3:50  Probe  
  31  4:02  Probe  
  32  4:05  Pylon  
  32  4:10  Cybernetics Core  
  32  4:19  Probe  
  33  4:28  Assimilator  
  33  4:29  Probe  
  33  4:37  Probe  
  34  4:42  Protoss Shields Level 1  
  35  4:45  Probe  
  35  4:50  Stargate  
  35  4:51  Stargate  
  36  4:53  Stargate  
  36  4:56  Stargate  
  36  4:57  Probe  
  37  5:01  Pylon  
  37  5:12  Probe  
  38  5:24  Probe  
  39  5:32  Nexus  
  39  5:37  Photon Cannon  
  39  5:39  Protoss Air Weapons Level 1, Photon Cannon  
  39  5:43  Probe  
  40  5:51  Probe  
  40  5:53  Void Ray  
  45  6:01  Probe  
  46  6:05  Void Ray  
  50  6:13  Probe  
  51  6:25  Probe  
  52  6:26  Assimilator  
  52  6:31  Assimilator  
  52  6:35  Pylon  
  52  6:37  Probe  
  52  6:38  Pylon  
  53  6:49  Probe  
  53  6:51  Void Ray  
  53  6:54  Void Ray  
  58  6:55  Void Ray  
  58  7:00  Void Ray  
  70  7:11  Photon Cannon  
  70  7:16  Photon Cannon  
  70  7:34  Probe  
  70  7:41  Fleet Beacon  
  70  7:42  Probe  
  71  7:47  Protoss Air Armor Level 1  
  71  7:49  Void Ray  
  76  7:51  Void Ray, Probe  
  76  7:54  Void Ray  
  85  8:02  Probe  
  85  8:10  Probe  
  86  8:13  Void Ray  
  91  8:20  Probe  
  91  8:24  Twilight Council  
  92  8:34  Carrier  
  92  8:40  Carrier  
  104  8:47  Probe  
  104  8:55  Probe  
  105  9:01  Carrier  
  112  9:04  Probe  
  113  9:12  Stargate  
  113  9:16  Probe  
  114  9:20  Carrier  
  120  9:28  Probe  
  121  9:40  Probe  
  121  9:45  Mothership  
  131  9:52  Probe  
  131  10:26  Pylon  
  131  10:39  Pylon  
  131  10:42  Pylon  
  131  10:45  Pylon  
  131  10:57  Carrier  
  131  11:00  Carrier  
  131  11:02  Carrier  
  149  11:04  Carrier  
  155  11:19  Unknown  
  155  11:31  Protoss Air Weapons Level 2  
  147  13:03  Nexus  
  147  13:06  Pylon  
  147  13:08  Pylon  
  153  13:12  Carrier  
  153  13:13  Pylon  
  153  13:14  Void Ray  
  153  13:15  Pylon  
  153  13:16  Void Ray  
  153  13:18  Void Ray, Pylon  
  165  13:24  Mothership  
  153  14:05  Protoss Air Armor Level 2  
  135  14:40  Void Ray  
  135  14:42  Void Ray  
  135  14:44  Carrier  
  139  14:48  Carrier  
  133  15:03  Assimilator  
  133  15:06  Assimilator  
  133  15:10  Void Ray  
  137  15:24  Carrier, Probe  
  137  15:25  Carrier  
  150  15:32  Probe  
  150  15:40  Protoss Shields Level 2  
  150  15:41  Probe  
  151  15:49  Carrier  
  158  15:52  Carrier  
  158  15:53  Void Ray  
  158  15:56  Probe  
  169  16:07  Probe  
  170  16:30  Void Ray, Carrier  
  180  16:35  Void Ray  
  184  16:42  Protoss Air Weapons Level 3  
  184  16:49  Pylon  
  184  16:53  Carrier  
  190  16:56  Carrier  
  196  17:12  Void Ray, Nexus  
  196  17:14  Photon Cannon  
  200  17:15  Photon Cannon  
  200  17:17  Photon Cannon  
  200  17:19  Photon Cannon  
  200  17:20  Photon Cannon  
  200  17:22  Photon Cannon, Pylon  
  200  17:23  Photon Cannon  
  200  17:25  Photon Cannon, Pylon  
  200  17:26  Photon Cannon  
  200  17:28  Photon Cannon, Pylon  
  200  17:33  Pylon  
  200  17:37  Pylon  
  200  17:40  Pylon  
  192  19:31  Carrier  
Show
View Real Time Build Order
Export as new Build Order

MrFercho Zerg 

Build Orders: Hatch First 

Get SALT Encoding   

  12  0:02  Drone  
  13  0:38  Overlord  
  13  0:43  Drone  
  13  0:44  Hatchery  
  13  0:47  Drone  
  14  1:15  Spawning Pool  
  13  1:23  Drone  
  13  1:24  Drone x2  
  16  1:36  Drone  
  17  1:46  Drone  
  18  1:58  Drone x2  
  20  2:03  Extractor  
  20  2:06  Drone  
  20  2:07  Drone  
  21  2:26  Drone x2  
  21  2:27  Drone  
  24  2:32  Roach Warren  
  24  2:33  Drone  
  24  2:39  Drone x2  
  26  2:49  Queen  
  28  2:56  Overlord  
  28  3:00  Overlord  
  28  3:13  Queen  
  30  3:22  Drone x4  
  30  3:23  Drone x2  
  36  3:35  Drone x2  
  38  3:44  Lair  
  38  3:45  Drone  
  38  3:46  Drone  
  40  3:55  Extractor, Drone x2  
  41  3:58  Extractor  
  40  4:12  Overlord x3  
  40  4:22  Drone  
  40  4:23  Drone x3  
  44  4:35  Roach x2  
  44  4:36  Roach x2  
  52  4:46  Drone  
  53  4:56  Queen  
  53  4:57  Drone x3  
  58  5:02  Hatchery  
  58  5:06  Roach  
  59  5:20  Hydralisk Den  
  58  5:27  Spine Crawler  
  57  5:32  Spine Crawler  
  56  5:36  Drone x3  
  56  5:37  Drone  
  60  5:43  Overlord x2  
  60  5:53  Glial Reconstitution  
  60  5:55  Grooved Spines  
  60  6:01  Evolution Chamber  
  60  6:02  Drone  
  60  6:03  Drone  
  61  6:04  Evolution Chamber  
  60  6:19  Drone x7  
  60  6:22  Drone x3  
  60  6:24  Drone x4  
  74  6:30  Extractor  
  73  6:33  Extractor  
  72  6:46  Queen  
  74  6:54  Zerg Ground Armor Level 1, Zerg Missile Weapons Level 1  
  74  7:01  Spire  
  74  7:07  Muscular Augments  
  73  7:10  Infestation Pit  
  73  7:13  Extractor, Drone x2  
  73  7:14  Drone x2  
  73  7:15  Drone x3  
  78  7:35  Overlord  
  78  7:36  Overlord x3  
  78  7:37  Overlord x2  
  78  7:43  Drone x4  
  78  7:44  Hatchery  
  81  7:46  Drone  
  82  8:19  Drone  
  83  8:20  Drone x11  
  94  8:40  Hydralisk x5  
  104  8:47  Hatchery  
  103  8:50  Extractor  
  103  8:52  Extractor  
  101  9:00  Hive  
  101  9:01  Zerg Missile Weapons Level 2, Zerg Ground Armor Level 2  
  101  9:03  Hatchery  
  101  9:04  Hatchery  
  101  9:09  Drone x4  
  107  9:10  Drone x6  
  109  9:41  Hydralisk  
  109  9:42  Hydralisk x12  
  109  9:45  Overlord  
  135  9:53  Zerg Flyer Weapons Level 1  
  135  10:00  Hydralisk x4  
  135  10:01  Spire  
  135  10:04  Overlord x4  
  142  10:31  Hydralisk  
  142  10:32  Hydralisk x17  
  178  10:54  Hydralisk x8  
  178  10:56  Hatchery  
  193  10:58  Overlord  
  193  10:59  Overlord x2  
  193  11:00  Overlord x2  
  193  11:48  Hydralisk x3  
  175  12:05  Hydralisk  
  175  12:06  Hydralisk x20  
  175  12:07  Hydralisk  
  175  12:08  Hydralisk x2  
  199  12:09  Hydralisk  
  199  12:12  Hydralisk  
  199  12:13  Hydralisk  
  199  12:14  Hydralisk  
  199  12:15  Hydralisk  
  155  12:31  Hydralisk x10  
  171  12:47  Hydralisk  
  171  12:48  Hydralisk x6  
  185  12:53  Hydralisk x2  
  189  13:05  Zerg Missile Weapons Level 3  
  165  13:43  Hydralisk  
  165  13:44  Hydralisk x17  
  165  13:45  Hydralisk  
  129  14:11  Overseer  
  129  14:13  Hydralisk x11  
  117  15:00  Hydralisk x15  
  147  15:10  Hatchery  
  146  15:18  Hydralisk x5  
  156  15:27  Hatchery  
  155  15:41  Hatchery  
  154  15:43  Extractor x2  
  154  15:45  Extractor  
  154  15:48  Zerg Ground Armor Level 3  
  154  15:49  Extractor  
  150  15:50  Greater Spire  
  150  15:53  Zerg Flyer Weapons Level 2  
  150  15:59  Mutalisk x2  
  154  16:58  Drone x3  
  154  16:59  Drone x4  
  154  17:00  Drone x4  
  165  17:01  Drone  
  165  17:03  Drone x2  
  165  17:08  Hydralisk x6  
  168  17:09  Hydralisk x6  
  116  18:08  Mutalisk x3  
  116  18:09  Mutalisk x24  
  170  18:28  Spine Crawler  
  170  18:30  Spine Crawler  
  99  19:07  Corruptor  
  99  19:08  Corruptor x13  
  94  19:30  Corruptor x5  
  100  19:31  Hatchery  
  100  19:35  Extractor  
  89  19:41  Extractor  
  77  19:59  Corruptor x5  
Show
View Real Time Build Order
Export as new Build Order

tigro Terran 

Build Orders:  

Get SALT Encoding   

  12  0:04  SCV  
  13  0:16  SCV  
  14  0:27  Supply Depot  
  14  0:30  SCV  
  15  0:38  Refinery  
  15  0:49  SCV  
  16  1:07  Barracks  
  16  1:15  SCV  
  17  1:21  Refinery  
  17  1:27  SCV  
  18  1:39  SCV  
  19  1:51  Supply Depot, SCV  
  20  2:00  Marine  
  21  2:03  SCV  
  22  2:08  Barracks  
  23  2:15  SCV  
  23  2:18  Marine  
  24  2:34  Engineering Bay  
  24  2:36  Marine  
  25  2:38  Orbital Command  
  25  2:54  Marine  
  26  3:05  Barracks Tech Lab  
  26  3:11  Factory  
  26  3:12  Marine  
  27  3:36  Terran Infantry Weapons Level 1  
  27  4:02  Missile Turret  
  27  4:20  Factory Tech Lab  
  27  4:27  Starport  
  27  4:34  Missile Turret  
  27  4:59  Command Center, Siege Tank  
  30  5:05  Starport  
  30  5:19  Barracks Tech Lab  
  30  5:31  Terran Infantry Armor Level 1  
  30  5:43  Starport Tech Lab  
  30  5:55  Fusion Core  
  30  6:07  Starport Tech Lab  
  30  6:22  Refinery  
  30  6:26  SCV  
  31  6:38  SCV  
  32  6:47  Medivac, Refinery  
  32  6:50  SCV  
  32  6:54  Armory  
  35  7:02  SCV  
  36  7:14  SCV  
  37  7:24  Neosteel Armor  
  37  7:26  SCV  
  38  7:34  Supply Depot  
  38  7:38  Supply Depot, SCV  
  39  7:47  Marine x2  
  39  7:50  SCV  
  42  7:53  Weapon Refit  
  42  8:05  Marine x2  
  44  8:22  Marine  
  44  8:23  Marine  
  46  8:40  Marine x2  
  48  8:58  Marine x2, Missile Turret  
  50  9:04  Terran Infantry Weapons Level 2  
  50  9:17  Battlecruiser  
  50  9:18  Refinery  
  50  9:20  Missile Turret  
  50  9:21  Command Center, Battlecruiser  
  62  9:45  Missile Turret  
  62  10:05  Missile Turret  
  62  10:25  Medivac  
  62  10:27  Missile Turret  
  64  10:35  Refinery  
  64  10:37  Battlecruiser  
  70  10:46  Rapid Reignition System  
  70  10:50  Terran Vehicle Weapons Level 1  
  70  10:55  Battlecruiser  
  70  10:56  SCV  
  77  11:08  SCV  
  78  11:16  Marine x2  
  80  11:20  Hi-Sec Auto Tracking, SCV  
  81  11:28  Thor  
  88  11:32  SCV  
  88  11:33  Marine  
  88  11:34  Marine  
  90  11:44  SCV  
  91  11:51  Marine x2  
  93  12:09  Marine x2  
  93  12:11  Thor  
  101  12:17  Terran Infantry Armor Level 2  
  101  12:27  Marine x2  
  62  12:47  Planetary Fortress  
  62  12:50  Medivac  
  62  12:51  Medivac  
  66  13:07  Marine x2  
  68  13:21  Battlecruiser x2  
  68  13:23  Thor  
  68  13:25  Marine x2  
  88  13:43  Marine x2  
  90  14:01  Marine x2  
  92  14:18  Missile Turret  
  92  14:19  Marine x2  
  94  14:25  Battlecruiser x2  
  106  14:33  Terran Infantry Weapons Level 3  
  106  14:36  Marine  
  106  14:37  Marine  
  76  14:54  Marine x2  
  71  15:12  Marine x2  
  73  15:18  Missile Turret  
  73  15:29  Battlecruiser  
  79  15:39  Missile Turret  
  79  15:48  Marine  
  79  15:49  Marine  
  81  15:59  Missile Turret  
  81  16:02  Battlecruiser  
  87  16:06  Marine  
  87  16:07  Marine  
  89  16:11  Terran Vehicle And Ship Armor Level 1  
  89  16:18  Missile Turret  
  89  16:24  Marine x2  
  91  16:33  Battlecruiser  
  91  16:39  Missile Turret  
  97  16:42  Marine x2  
  99  17:00  Marine x2  
  101  17:10  Terran Infantry Armor Level 3  
  101  17:12  Missile Turret  
  101  17:15  Battlecruiser  
  107  17:41  Missile Turret  
  107  17:53  Thor  
  107  17:55  Battlecruiser  
  68  18:19  Battlecruiser  
  68  18:24  Marine x2  
  63  18:42  Marine x2  
  65  18:59  Battlecruiser  
  65  19:00  Marine x2  
  73  19:13  Terran Vehicle And Ship Armor Level 2  
  73  19:17  Marine  
  73  19:18  Marine  
  73  19:23  Battlecruiser  
  81  19:35  Marine x2  
  83  19:53  Marine x2  
  85  20:03  Battlecruiser  
  91  20:11  Marine x2  
  93  20:28  Battlecruiser  
  99  20:29  Marine x2  
  67  20:49  Marine x2  
  57  21:07  Medivac, Marine x2  
  45  21:22  Thor  
  45  21:25  Marine x2  
  43  21:32  Medivac  
  46  21:43  Marine x2  
  24  22:01  Marine x2  
Tags
 
Add a new tag
Caveats
  • Supply blocks, unpowered buildings, or Contaminate may cause inaccurate times.
  • Supply counts are checked every 10 seconds.